AoeStats
← JeanC

African Clearing

510382184Analyzed
4v4 RM · 1d ago on Sep 30, 2026· 26m 41s· 8 players
Game mode
Random Map
Map size
Large (8 player)
Population
200
Speed
Normal
Resources
Standard
Victory
Conquest
Starting age
Dark Age
Ending age
Imperial Age
RankedLock teamsTeams togetherTeam positionsShared explorationLock speedFull tech treeHidden civsTurbo modeCheats
Victory
Defeat
🇩🇪 Magyars · Germany
1094
+16
🇩🇪 Mongols · Germany
1064
+17
🇩🇪 Saracens · Germany
1046
+18
🇩🇪 Danes · Germany
995
+21
🇫🇷 Lithuanians · France
1107
-19
🇨🇳 Varangians · China
1102
-18
🇩🇪 Chinese · Germany
1097
-18
🇩🇪 Slavs · Germany
1077
-17
Achileus
10:45 Loom
13:36 Feudal Age
21:21 Castle Age
23:35 Bloodlines
Melkro
10:31 Loom
13:16 Feudal Age
14:57 Double-Bit Axe
22:56 Castle Age
23:19 Bloodlines
23:26 Pikeman
JeanC
3:08 Loom
12:02 Feudal Age
12:30 Double-Bit Axe
12:46 Gold Mining
19:07 Castle Age
17:21 Fletching
18:52 Horse Collar
19:09 Crossbowman
19:48 Bodkin Arrow
22:18 Padded Archer Armor
24:56 Elite Skirmisher
NickJiang
8:23 Loom
13:58 Feudal Age
15:46 Double-Bit Axe
19:11 Castle Age
19:02 Horse Collar
19:59 Wheelbarrow
21:14 Bow Saw
26:24 Bloodlines
Philly Idle
11:36 Loom
14:42 Feudal Age
18:14 Scale Barding Armor
18:53 Horse Collar
22:07 Double-Bit Axe
26:32 Castle Age
26:00 Bloodlines
DiSAgREE
7:39 Loom
11:48 Feudal Age
17:04 Castle Age
16:05 Double-Bit Axe
16:28 Town Watch
19:01 Fletching
20:44 Elite Skirmisher
22:32 Bodkin Arrow
23:20 Padded Archer Armor
Busfahrer Ulus
3:55 Loom
12:16 Feudal Age
16:25 Bloodlines
16:22 Scale Barding Armor
20:30 Castle Age
19:31 Forging
22:56 Chain Barding Armor
Cybär Punk
11:58 Loom
16:02 Feudal Age
17:00 Double-Bit Axe
17:50 Town Watch
20:54 Castle Age
24:04 Scale Mail Armor
23:29 Pikeman
Connection lost

Rejoining the realm…

Still unreachable

The connection could not be restored.

Session expired

The server has moved on; the page needs a fresh start.